Unix NetHack Version 3.7.0-80 Work-in-progress - last build Apr 4 2023 12:38:21 (790859391a0ee7bd3181b412646ad1b7e633ff00,branch:master). Game began 2023-04-13 12:01:20, ended 2023-04-13 14:38:11. tromix, chaotic male human Ranger ------------------------ |.......)..............| |.-------------------..| |.| ----- |.---- |.| |...-- --.|..| |.| |.0..|--|.....| |.| |....|..|.....| |.| --......|....-- |.|------ |...|..)%...| |.|$$$$$|-- |...|..|.[..| |.|$$$$$+.| |...|---....| |.|.$$.$|-| --..|....0..| |.-E$$.$+.| --.|....---- --|.$$$$|-| |.--.--- |$$$$$+.| |..)..| |$$$$$|-- |..|.>| ------- ------- Tromix the Trailblazer St:18/01 Dx:12 Co:16 In:14 Wi:14 Ch:7 Chaotic Dlvl:6 $:0 HP:0(59) Pw:42(42) AC:-12 Exp:9 T:13970 Latest messages: The flaming sphere wakes up. The gray ooze wakes up. The dwarf picks up 89 gold pieces. The large dog strikes at your displaced image and misses you! The air crackles around the barrow wight. The little dog bites! The air elemental engulfs you! You are pummeled with debris! You are pummeled with debris! You hit the air elemental. You are pummeled with debris! You are pummeled with debris! You are pummeled with debris! You hit the air elemental. You are pummeled with debris! You are pummeled with debris! You are pummeled with debris! Are you sure you want to pray? [yn] (n) y You begin praying to Mars. You are surrounded by a shimmering light. You finish your prayer. You feel that Mars is well-pleased. You feel much better. In what direction? 4 The dagger hits the air elemental! You are pummeled with debris! You are pummeled with debris! You are pummeled with debris! In what direction? 4 You kill the air elemental! You see here 2 uncursed daggers. The kobold lord throws a dart! The dart hits the little dog. The dwarf picks up 155 gold pieces. The large dog misses! The little dog misses! The mumak butts! The mumak bites! The air elemental engulfs you! You are pummeled with debris! You are pummeled with debris! You are pummeled with debris! In what direction? 4 The dagger hits the air elemental! You are pummeled with debris! You are pummeled with debris! You are pummeled with debris! You die... Do you want your possessions identified? [ynq] (y) y Do you want to see your attributes? [ynq] (y) q Inventory: Weapons x - 59 +2 arrows b - a +1 bow (alternate weapon; not wielded) z - a +1 dagger (weapon in hand) h - 7 +0 daggers (at the ready) Armor G - an uncursed +5 dwarvish iron helm (being worn) H - an uncursed +0 pair of leather gloves (being worn) T - an uncursed +0 pair of iron shoes (being worn) g - an uncursed +0 dwarvish roundshield (being worn) K - an uncursed +2 cloak of displacement (being worn) i - an uncursed +1 dwarvish mithril-coat (being worn) Comestibles C - 5 uncursed food rations w - an uncursed lizard corpse Q - an uncursed lizard corpse Wands l - a blessed wand of digging (0:7) P - a wand of digging (0:4) d - a wand of fire (0:5) r - a wand of lightning (0:2) B - a wand of magic missile (0:2) X - a cursed wand of slow monster (0:3) k - a wand of striking (0:5) D - a wand of striking (0:5) Z - a wand of striking (0:5) Tools f - an uncursed sack containing 1 item a - an uncursed blindfold c - an uncursed magic whistle F - a blessed oil lamp e - an uncursed skeleton key Gems/Stones J - an uncursed luckstone Contents of the sack: 250 gold pieces Tromix the Ranger's attributes: Background: You were a Trailblazer, a level 9 male human Ranger. You were chaotic, on a mission for Mars who was opposed by Mercury (lawful) and Venus (neutral). You were in Sokoban, on level 6. You entered the dungeon 13970 turns ago. You had 5091 experience points, 29 more were needed to attain level 10. Basics: You had 0 out of 59 hit points. You had all 42 energy points (spell power). Your armor class was -12. Your wallet was empty, but you had 250 zorkmids stashed away in your pack. Autopickup was off. Final Characteristics: Your strength was 18/01 (limit:18/100). Your dexterity was 12 (limit:18). Your constitution was 16 (limit:18). Your intelligence was 14 (limit:18). Your wisdom was 14 (limit:18). Your charisma was 7 (limit:18). Final Status: You were engulfed by an air elemental. You were not hungry. You were unencumbered. You were wielding a dagger. You had expert skill with dagger. Final Attributes: You were piously aligned. You were sleep resistant. You were telepathic. You had automatic searching. You were displaced. You were stealthy. You were guarded. You were lucky. You had extra luck. Bad luck did not time out for you. Good luck did not time out for you. You are dead. Miscellaneous: You disabled loading of bones levels. Total elapsed playing time was 2 hours, 33 minutes and 40 seconds. Major events: Turn 1: tromix the chaotic male human Ranger entered the dungeon 740: entered the Gnomish Mines 1122: attained the rank of Lookout (level 3) 2107: attained the rank of Trailblazer (level 6) 2906: reached Mine Town 10546: entered Sokoban 11104: completed 1st Sokoban level 11777: completed 2nd Sokoban level 12221: completed 3rd Sokoban level 13754: completed 4th Sokoban level 13970: killed by an air elemental Vanquished creatures: 2 giant mimics an air elemental an earth elemental 2 elf-nobles 2 small mimics a glass piercer a djinni 2 gelatinous cubes 2 large cats a tiger a tengu an elf mummy a human mummy 2 soldiers 2 watchmen an amorous demon 4 giant beetles a quivering blob a wolf a panther 3 leprechauns an iron piercer 2 giant spiders an ice vortex 2 vampire bats 2 gnome rulers 3 owlbears 4 lizards 3 dingoes 2 housecats a jaguar 2 blue jellies a dust vortex 2 ravens a plains centaur a gnome mummy an ape a rope golem 2 Woodland-elves 3 fire ants a bugbear 3 wood nymphs 3 orc shamans 3 rock piercers 3 rock moles 2 ponies 2 fog clouds 3 violet fungi 14 gnome leaders 2 gnomish wizards a guardian naga hatchling 6 elf zombies a straw golem 2 paper golems 12 giant ants 2 little dogs 4 floating eyes 14 dwarves 2 kobold leaders 4 hill orcs 7 rothes a rabid rat a centipede 2 dwarf zombies a wererat 2 werejackals 8 iguanas 3 killer bees 5 acid blobs 6 hobbits 6 manes 5 hobgoblins 3 giant rats 8 cave spiders a brown mold 2 yellow molds a red mold 48 gnomes 13 garter snakes 2 gnome zombies 5 geckos 13 jackals 2 foxes a kobold 4 goblins 4 sewer rats 10 grid bugs 3 lichens 8 newts 327 creatures vanquished. No species were genocided or became extinct. Voluntary challenges: You read items or engraved 13 times. You never engraved Elbereth. You never genocided any monsters. You never polymorphed an object. You never changed form. You used no wishes. You did not violate any of the special Sokoban rules. Achievements: You entered the Gnomish Mines. You attained the rank of Lookout. You attained the rank of Trailblazer. You entered Minetown. You entered a temple. You entered a shop. You entered Sokoban. The Dungeons of Doom: levels 1 to 11 Level 1: Level 2: Level 3: A fountain. Stairs down to The Gnomish Mines. Level 4: A general store, some fountains. Level 5: Level 6: A shop. Level 7: Level 8: A fountain. Level 9: Level 10: Stairs up to Sokoban, level 9. Level 11: The Gnomish Mines: levels 4 to 10 Level 4: Level 5: Level 6: Many shops, a temple, many fountains. Level 7: Level 8: Level 9: Level 10: Sokoban: levels 9 up to 6 Level 6: <- You were here. Solved. Final resting place for you, killed by an air elemental. Level 7: Solved. Level 8: Solved. Level 9: Solved. Game over: ---------- / \ / REST \ / IN \ / PEACE \ / \ | tromix | | 250 Au | | killed by an air | | elemental | | | | | | 2023 | *| * * * | * _________)/\\_//(\/(/\)/\//\/|_)_______ Goodbye tromix the Ranger... You died in Sokoban on dungeon level 6 with 21119 points, and 250 pieces of gold, after 13970 moves. You were level 9 with a maximum of 59 hit points when you died.